 Dungeon Crawl Stone Soup version 0.25-a0-287-g56a5b49892 (webtiles) character file.

Game seed: 8048417561819523255, levelgen mode: deterministic

423 kae the Conjurer (level 6, -6/32 HPs)
             Began as a Tengu Fire Elementalist on Dec 12, 2019.
             Engulfed by a cloud of flame (24 damage)
             ... on level 4 of the Dungeon.
             The game lasted 00:05:51 (5428 turns).

kae the Conjurer (Tengu Fire Elementalist)          Turns: 5428, Time: 00:05:52

Health: -6/32      AC:  3    Str:  8    XL:     6   Next: 95%
Magic:  6/12       EV: 12    Int: 23    God:
Gold:   142        SH:  0    Dex: 14    Spells: 3/11 levels left

rFire    . . .     SeeInvis +   s - +0 whip (venom)
rCold    . . .     Gourm    .   (no shield)
rNeg     . . .     Faith    .   a - +0 robe
rPois    .         Spirit   .   (helmet restricted)
rElec    .         Reflect  .   m - +0 cloak
rCorr    .         Harm     .   (no gloves)
MR       .....                  (boots unavailable)
Stlth    ++........             (no amulet)
HPRegen  0.10/turn              o - ring of see invisible
MPRegen  0.13/turn              i - +5 ring of intelligence

@: no status effects
A: beak, talons 3, able to fly
a: Fly


You were on level 4 of the Dungeon.
You were hungry.

You visited 1 branch of the dungeon, and saw 4 of its levels.

You collected 142 gold pieces.

Inventory:

Hand Weapons
 l - a +0 falchion
 s - a +0 whip of venom (weapon)
Armour
 a - a +0 robe (worn)
 m - a +0 cloak (worn)
Jewellery
 i - a +5 ring of intelligence (right hand)
 o - a ring of see invisible (left hand)
Wands
 k - a wand of flame (16)
 q - a wand of digging (3)
Scrolls
 d - 2 scrolls of teleportation
 e - 2 scrolls of remove curse
 p - 2 scrolls of magic mapping
 r - 4 scrolls of identify
Potions
 b - 3 potions of lignification
 f - 4 potions of haste
 g - a potion of might
 h - a potion of resistance {unknown}
 j - 2 potions of curing {unknown}
 n - a potion of degeneration {unknown}
Comestibles
 c - 5 rations


   Skills:
 - Level 2.1 Dodging
 - Level 2.0 Stealth
 + Level 3.3 Spellcasting
 * Level 5.9 Conjurations
 * Level 5.7 Fire Magic


You had 3 spell levels left.
You knew the following spells:

 Your Spells              Type           Power        Failure   Level  Hunger
a - Foxfire               Conj/Fire      ####         1%          1    None
b - Conjure Flame         Conj/Fire      ####....     3%          3    ###....
c - Sticky Flame          Conj/Fire      ####....     10%         4    ####...

Your spell library contained the following spells:

 Spells                   Type           Power        Failure   Level  Hunger
 Inner Flame              Hex/Fire       ###.....     11%         3    ###....
 Fireball                 Conj/Fire      ####......   28%         5    ######.


Dungeon Overview and Level Annotations

Branches:
Dungeon (4/15)
 Temple: D:4-7

Altars:
Cheibriados
Dithmenos
Gozag
Hepliaklqana
Sif Muna
Trog

Annotations:
D:2 Sigmund
D:4 Crazy Yiuf


Innate Abilities, Weirdness & Mutations

You have a beak for a mouth.
You have claws for feet.
You can fly continuously.


Message History

The fire begins to smolder!
You smother the flame.
Casting: Conjure Flame (safe; 3% risk of failure)
Confirm with . or Enter, or press ? or * to list all spells.
The fire begins to smolder!
You are feeling hungry.
Crazy Yiuf cries, "Papa!
Trifle fast dark."
Crazy Yiuf says, "Whiteboard!"
You smother the flame.
You start resting.
Magic restored.
Casting: Conjure Flame (safe; 3% risk of failure)
Confirm with . or Enter, or press ? or * to list all spells.
The fire begins to smolder!
Casting: Conjure Flame (safe; 3% risk of failure)
Confirm with . or Enter, or press ? or * to list all spells.
The fire ignites!
You are engulfed in blazing flames.
You open the door.
You are engulfed in blazing flames.
Ouch! That really hurt!
You die...

....##
##..###....#
#......# .....##
#..# #....#
#.....## ......#
#### #....#
##....####
......## #...##
#....##.. .......#
##.## ####.....
.......# #.##
#..... ......##
##.# #..###
......# #.## ##.#
.....## ##@# #.#
.....# #'# #.#
#...## .g. #.#
.#..# #...# #.#
..### #..)# #.#
#.## ##### #.#
##.## ### ##.##
#..##
#####.#####...##
##..#
###.......##......


You could see Crazy Yiuf.

Vanquished Creatures
  A howler monkey (D:3)
  An orc priest (D:4)
  Jessica (D:2)
  Ijyb (D:3)
  Natasha (thrice) (D:2 D:3)
  4 worker ants (D:4)
  4 adders
  An ooze (D:2)
  4 worms
  3 dart slugs
  2 orcs (D:4)
  A ball python (D:4)
  4 giant cockroaches
  6 goblins
  12 hobgoblins
  7 jackals
  12 kobolds
  2 quokkas
  8 bats
  5 frilled lizards
  6 rats
88 creatures vanquished.

Vanquished Creatures (others)
  196 foxfires
196 creatures vanquished.

Grand Total: 284 creatures vanquished

Notes
Turn   | Place    | Note
-------+----------+-------------------------------------------
     0 | D:1      | kae the Tengu Fire Elementalist began the quest for the
                  | Orb.
     0 | D:1      | Reached XP level 1. HP: 10/10 MP: 4/4
   327 | D:1      | Reached XP level 2. HP: 11/15 MP: 3/6
   692 | D:1      | Reached XP level 3. HP: 19/19 MP: 5/7
  1450 | D:2      | Noticed Jessica
  1459 | D:2      | Killed Jessica
  1459 | D:2      | Reached XP level 4. HP: 10/24 MP: 3/8
  1713 | D:2      | Found a snail-covered altar of Cheibriados.
  1731 | D:2      | Noticed Natasha
  1737 | D:2      | Killed Natasha
  1801 | D:2      | Gained mutation: You can fly continuously. [Tengu growth]
  1801 | D:2      | Reached XP level 5. HP: 14/28 MP: 8/10
  2085 | D:2      | Noticed Natasha
  2358 | D:2      | Noticed Sigmund
  2675 | D:3      | Learned a level 3 spell: Conjure Flame
  2680 | D:3      | Learned a level 4 spell: Sticky Flame
  2800 | D:3      | Noticed Ijyb
  2812 | D:3      | Killed Ijyb
  2812 | D:3      | Reached skill level 5 in Fire Magic
  3102 | D:3      | Killed Natasha
  3102 | D:3      | Reached skill level 5 in Conjurations
  3102 | D:3      | Reached XP level 6. HP: 28/32 MP: 11/11
  3226 | D:3      | Found a shimmering blue altar of Sif Muna.
  3320 | D:3      | Noticed Natasha
  3324 | D:3      | Killed Natasha
  3671 | D:4      | Found a shadowy altar of Dithmenos.
  3720 | D:4      | Found an opulent altar of Gozag.
  3907 | D:4      | Found a hazy altar of Hepliaklqana.
  3944 | D:4      | Found a bloodstained altar of Trog.
  4781 | D:4      | Found a runed translucent door.
  4782 | D:4      | Noticed Crazy Yiuf
  5428 | D:4      | Engulfed by a cloud of flame

Levels and vault maps discovered:
D:1:      dpeg_cavernosity, layout_basic
D:2:      layout_basic, kennysheep_slug_shrine, hangedman_decor_clover_reticule,
          minmay_circle_x, uniq_jessica, uniq_natasha, uniq_sigmund
D:3:      layout_basic, lemuel_blue_sif_altar, uniq_ijyb
D:4:      layout_cave_pods, kennysheep_mini, lemuel_round_altar,
          kennysheep_little_box, lemuel_doored_altar, uniq_crazy_yiuf_cottage

Skill      XL: |  1  2  3  4  5 |
---------------+----------------+-----
Conjurations   | 2 3 4 5 |  5.9
Fire Magic     | 4 5 |  5.7
Spellcasting   | 3 |  3.3
Dodging        | |  2.1
Stealth        | |  2.0

Action                   |  1- 3 |  4- 6 || total
-------------------------+-------+-------++-------
Melee: Unarmed           |    27 |    17 ||    44
       Kick              |     6 |    18 ||    24
       Peck              |     3 |     6 ||     9
       Falchion          |       |    29 ||    29
       Whip              |       |     5 ||     5
 Cast: Foxfire           |    48 |    81 ||   129
       Conjure Flame     |       |    19 ||    19
       Sticky Flame      |       |     6 ||     6
  Use: Scroll            |     1 |     5 ||     6
 Stab: Sleeping          |     1 |     1 ||     2
       Distracted        |       |     1 ||     1
  Eat: Chunk             |     1 |    12 ||    13
       Ration            |       |     1 ||     1
Armor: Robe              |    12 |    14 ||    26
Dodge: Dodged            |    31 |    63 ||    94
       Rpst.: Falchion   |       |    16 ||    16

Table legend:
 A = Non-vault XP
 B = Vault XP
 C = Vault XP percentage of total XP
 D = Non-vault monster count
 E = Vault monster count
 F = Vault count percentage of total count
                 A         B        C        D         E       F
            +---------+---------+-------+---------+---------+-------
      Total |     483 |     122 |  20.2 |      77 |      11 |  12.5
            +---------+---------+-------+---------+---------+-------
        D:1 |      46 |       7 |  13.2 |      27 |       4 |  12.9
        D:2 |      48 |      79 |  62.2 |      13 |       6 |  31.6
        D:3 |     168 |      36 |  17.6 |      24 |       1 |   4.0
        D:4 |     221 |       0 |   0.0 |      13 |       0 |   0.0
            +---------+---------+-------+---------+---------+-------
